 Dungeon Crawl Stone Soup version 0.28.0-49-g6dfe1f597d (webtiles) character file.

Game seed: 9218844350607491415

9 Exodus22XD the Covered (level 2, 27/27 HPs)
             Began as a Minotaur Fighter on May 14, 2022.
             Was a Follower of Makhleb.
             Quit the game on level 1 of the Dungeon.
             The game lasted 00:00:20 (166 turns).

Exodus22XD the Covered (Minotaur Fighter)            Turns: 166, Time: 00:00:21

Health: 27/27      AC:  7    Str: 20    XL:     2   Next: 6%
Magic:  1/1        EV:  9    Int:  5    God:    Makhleb [*.....]
Gold:   20         SH:  4    Dex:  9    Spells: 1/1 levels left

rFire   . . .      SeeInvis .   a - +0 war axe
rCold   . . .      Faith    .   c - +0 buckler
rNeg    . . .      Spirit   .   b - +0 scale mail
rPois   .          Reflect  .   (helmet restricted)
rElec   .          Harm     .   (no cloak)
rCorr   .          Rampage  .   (no gloves)
Will    .....                   (no boots)
Stlth   ..........              (no amulet)
HPRegen 0.09/turn               (no ring)
MPRegen 0.07/turn               (no ring)

@: no status effects
A: horns 2, retaliatory headbutt
a: Renounce Religion


You were on level 1 of the Dungeon.
You worshipped Makhleb.
Makhleb was aware of your devotion.
You visited 1 branch of the dungeon, and saw 1 of its levels.

You collected 20 gold pieces.

Inventory:

Hand Weapons
 a - a +0 war axe (weapon)
Armour
 b - a +0 scale mail (worn)
 c - a +0 buckler (worn)
Scrolls
 e - a scroll of identify {unknown}
Potions
 d - a potion of might


   Skills:
 + Level 3.8 Fighting
 + Level 2.5 Axes
 + Level 3.9 Armour
 + Level 3.8 Shields


You had one spell level left.
You didn't know any spells.
Your spell library was empty.

Dungeon Overview and Level Annotations

Branches:
Dungeon (1/15)

Altars:
Makhleb


Innate Abilities, Weirdness & Mutations

You have a pair of horns on your head.
You reflexively headbutt those who attack you in melee.


Message History

a +0 dagger; 4 stones; a kobold corpse No target in view!
No target in view!
You see here a book of Necromancy.
A bat comes into view.
The bat hits you but does no damage. x2
You hit the bat but do no damage. The bat hits you but does no damage.
A bat is nearby!
The bat barely misses you.
A bat is nearby!
You block the bat's attack. The bat hits you but does no damage.
Found a robe.
The bat closely misses you.
A bat is nearby!
The bat hits you but does no damage. The bat closely misses you.
You furiously retaliate!
You headbutt the bat.
You kill the bat!
No target in view!
Found a quarterstaff.
No target in view!
No target in view!
No target in view!
You are caught in the web!
There is a web here.
You struggle to detach yourself from the web.
You struggle to detach yourself from the web.
You disentangle yourself.
You are caught in the web!
There is a web here.
You struggle to detach yourself from the web.
You struggle to detach yourself from the web.
You struggle to detach yourself from the web.
You disentangle yourself.
Found a faded altar of an unknown god.
There is a faded altar of an unknown god here.
You cannot tell which god this altar belongs to.
Convert to them anyway?
Makhleb accepts your prayer! Makhleb welcomes you!
You can now gain health from killing.
Are you sure you want to abandon this character and quit the game? (Confirm with "yes".)

######## #......#
#......# #####
#......# #.8@##
#......#
##..8#######......#
#..#.##......)....#
#..####....#......#
#...###.....†.....#
###^.##...##......#
##..###...##......#
##.^####..†#########
##8^8##.....#


There were no monsters in sight!

Vanquished Creatures
  A dart slug (D:1)
  2 ball pythons (D:1)
  2 bats (D:1)
  A kobold (D:1)
  A rat (D:1)
7 creatures vanquished.

Vanquished Creatures (others)
  A bat (D:1)
1 creature vanquished.

Grand Total: 8 creatures vanquished

Notes
Turn   | Place    | Note
-------+----------+-------------------------------------------
     0 | D:1      | Exodus22XD the Minotaur Fighter began the quest for the
                  | Orb.
     0 | D:1      | Reached XP level 1. HP: 19/19 MP: 0/0
   117 | D:1      | Reached XP level 2. HP: 27/27 MP: 1/1
   160 | D:1      | Found a faded altar of an unknown god.
   165 | D:1      | Prayed at the altar of an unknown god.
   165 | D:1      | Became a worshipper of Makhleb the Destroyer
   165 | D:1      | Reached * piety under Makhleb
   166 | D:1      | Quit the game

Illustrated notes

Levels and vault maps discovered:
D:1:      dpeg_arrival_yet_another_circle, layout_rooms,
          shapermc_ecumenical_altar_petra

Action                   || total
-------------------------++-------
Melee: War axe           ||    16
       Headbutt          ||     2
Armor: Scale mail        ||    18
Dodge: Dodged            ||    18
Block: Buckler           ||     3
